TOP OF THE 1ST |
Wisconsin Timber Rattlers batting - Pitching for Peoria Chiefs : RHP Nick Peters
|
Pitching: RHP Nick Peters
|
|
Batting: RHB Nick Cummings
|
0-0: Ball 1-0: Swinging Strike 1-1: Ground out 5-3 (Groundball, 5S, EV 86.9 MPH)
|
Batting: LHB Andy Sanchez
|
0-0: Called Strike 0-1: Ball 1-1: Ball 2-1: Ball 3-1: Ground out 4-3 (Groundball, 4, EV 88.1 MPH)
|
Batting: SHB Mike Williams
|
0-0: Ball 1-0: Called Strike 1-1: Ground out 6-3 (Groundball, 6, EV 108.1 MPH)
|
Top of the 1st over - 0 runs, 0 hits, 0 errors, 0 left on base; Wisconsin 0 - Peoria 0 |
BOTTOM OF THE 1ST |
Peoria Chiefs batting - Pitching for Wisconsin Timber Rattlers : RHP Tony Valdez
|
Pitching: RHP Tony Valdez
|
|
Batting: SHB Bobby O'Leary
|
0-0: Ball 1-0: Called Strike 1-1: Ball 2-1: Foul Ball, location: 2F 2-2: Strikes out looking
|
Batting: LHB Billy Guzman
|
0-0: Ball 1-0: Ball 2-0: Called Strike 2-1: Ball 3-1: Ground out U3 (Groundball, 3L, EV 82.5 MPH)
|
Batting: RHB Immel Kamuzu
|
0-0: DOUBLE (Flyball, 8RXD, EV 113.8 MPH)
|
Batting: RHB Pat Scaturro
|
0-0: Called Strike 0-1: Ground out 6-3 (Groundball, 6M, EV 88.1 MPH)
|
Bottom of the 1st over - 0 runs, 1 hit, 0 errors, 1 left on base; Wisconsin 0 - Peoria 0 |
TOP OF THE 2ND |
Wisconsin Timber Rattlers batting - Pitching for Peoria Chiefs : RHP Nick Peters
|
Batting: RHB Ben Alspach
|
0-0: Called Strike 0-1: Ball 1-1: Ball 2-1: Ground out U3 (Groundball, 34, EV 91.9 MPH)
|
Batting: SHB Mitchell Greene
|
0-0: Called Strike 0-1: Swinging Strike 0-2: Strikes out swinging
|
Batting: RHB Steve Byerly
|
0-0: Swinging Strike 0-1: Ball 1-1: Ball 2-1: Swinging Strike 2-2: Foul Ball, location: 2F 2-2: Ground out 4-3 (Groundball, 34D, EV 79.4 MPH)
|
Top of the 2nd over - 0 runs, 0 hits, 0 errors, 0 left on base; Wisconsin 0 - Peoria 0 |
BOTTOM OF THE 2ND |
Peoria Chiefs batting - Pitching for Wisconsin Timber Rattlers : RHP Tony Valdez
|
Batting: LHB Robert Rauda
|
0-0: Swinging Strike 0-1: Ball 1-1: Fly out, F8 (Flyball, 8LS, EV 76.2 MPH)
|
Batting: RHB Tommy Tracy
|
0-0: Called Strike 0-1: Called Strike 0-2: Ball 1-2: Foul Ball, location: 2F 1-2: Foul Ball, location: 2F 1-2: Strikes out looking
|
Batting: RHB Brad Payne
|
0-0: Called Strike 0-1: Ball 1-1: Called Strike 1-2: Strikes out looking
|
Bottom of the 2nd over - 0 runs, 0 hits, 0 errors, 0 left on base; Wisconsin 0 - Peoria 0 |
TOP OF THE 3RD |
Wisconsin Timber Rattlers batting - Pitching for Peoria Chiefs : RHP Nick Peters
|
Batting: SHB Robert Sayer
|
0-0: Swinging Strike 0-1: Ball 1-1: Ball 2-1: Ball 3-1: DOUBLE (Line Drive, 7LD, EV 104.4 MPH)
|
Batting: RHB Skyler Goss
|
0-0: Ball 1-0: Ball 2-0: Called Strike 2-1: Ball 3-1: SINGLE (Line Drive, 78S, EV 96.9 MPH) Robert Sayer to third
|
Batting: RHB Matt Saunders
|
0-0: Called Strike 0-1: Foul Ball, location: 2F 0-2: Fly out, F9 (Flyball, 9LM, EV 98.8 MPH)
|
Batting: RHB Nick Cummings
|
0-0: Foul Ball, location: 2F 0-1: Ball 1-1: Ball 2-1: Called Strike 2-2: Foul Ball, location: 2F 2-2: Ball 3-2: Strikes out swinging
|
Batting: LHB Andy Sanchez
|
0-0: Ball 1-0: Ball 2-0: Ground out 5-3 (Groundball, 6S, EV 82.5 MPH)
|
Top of the 3rd over - 0 runs, 2 hits, 0 errors, 2 left on base; Wisconsin 0 - Peoria 0 |
BOTTOM OF THE 3RD |
Peoria Chiefs batting - Pitching for Wisconsin Timber Rattlers : RHP Tony Valdez
|
Batting: SHB Steve Barnett
|
0-0: Ground out 4-3 (Groundball, 4, EV 85.6 MPH)
|
Batting: RHB Mario Mendoza
|
0-0: Foul Ball, location: 2F 0-1: Foul Ball, location: 2F 0-2: Foul Ball, location: 2F 0-2: Ball 1-2: Ball 2-2: DOUBLE (Line Drive, 78D, EV 100.6 MPH)
|
Batting: SHB Bobby O'Leary
|
0-0: Swinging Strike 0-1: Ball 1-1: SINGLE (Groundball, 4M, EV 101.9 MPH) (infield hit) Mario Mendoza to third
|
Batting: LHB Billy Guzman
|
0-0: Ball 1-0: Ball 2-0: Called Strike 2-1: Swinging Strike 2-2: Strikes out swinging
|
Batting: RHB Immel Kamuzu
|
0-0: Ball 1-0: Called Strike 1-1: Ball 2-1: Fielders Choice at 2nd, 5-4 (Groundball, 56, EV 102.5 MPH)
|
Bottom of the 3rd over - 0 runs, 2 hits, 0 errors, 2 left on base; Wisconsin 0 - Peoria 0 |
TOP OF THE 4TH |
Wisconsin Timber Rattlers batting - Pitching for Peoria Chiefs : RHP Nick Peters
|
Batting: SHB Mike Williams
|
0-0: Called Strike 0-1: Fly out, F4 (Flyball, 34D, EV 85.6 MPH)
|
Batting: RHB Ben Alspach
|
0-0: Ball 1-0: Ball 2-0: Foul Ball, location: 2F 2-1: Called Strike 2-2: Strikes out swinging
|
Batting: SHB Mitchell Greene
|
0-0: Ball 1-0: Foul Ball, location: 2F 1-1: Foul Ball, location: 2F 1-2: DOUBLE (Line Drive, 9LM, EV 106.2 MPH)
|
Batting: RHB Steve Byerly
|
0-0: Ball 1-0: Ball 2-0: Called Strike 2-1: Ball 3-1: Base on Balls
|
Batting: SHB Robert Sayer
|
0-0: Called Strike 0-1: Foul Ball, location: 2F 0-2: Fly out, F8 (Flyball, 8RM, EV 90.6 MPH)
|
Top of the 4th over - 0 runs, 1 hit, 0 errors, 2 left on base; Wisconsin 0 - Peoria 0 |
BOTTOM OF THE 4TH |
Peoria Chiefs batting - Pitching for Wisconsin Timber Rattlers : RHP Tony Valdez
|
Batting: RHB Pat Scaturro
|
0-0: Called Strike 0-1: Ball 1-1: DOUBLE (Flyball, 78XD, EV 115.0 MPH)
|
Batting: LHB Robert Rauda
|
0-0: Called Strike 0-1: Ball 1-1: Ball 2-1: Called Strike 2-2: Ball 3-2: Base on Balls
|
Batting: RHB Tommy Tracy
|
0-0: Called Strike 0-1: Called Strike 0-2: Ball 1-2: Fly out, F8 (Flyball, 78D, EV 85.0 MPH)
|
Batting: RHB Brad Payne
|
0-0: Ball Pat Scaturro steals 3rd, throwing error, E2 Pat Scaturro scores Robert Rauda to third 1-0: Foul Ball, location: 2F 1-1: Foul Ball, location: 2F 1-2: Ball 2-2: Ball 3-2: Foul Ball, location: 2F 3-2: Fly out, F4 (Popup, 4, EV 61.9 MPH)
|
Batting: SHB Steve Barnett
|
0-0: Ball 1-0: Fly out, F9 (Flyball, 89M, EV 78.1 MPH)
|
Bottom of the 4th over - 1 run, 1 hit, 1 error, 1 left on base; Wisconsin 0 - Peoria 1 |
TOP OF THE 5TH |
Wisconsin Timber Rattlers batting - Pitching for Peoria Chiefs : RHP Nick Peters
|
Batting: RHB Skyler Goss
|
0-0: Ball 1-0: Fly out, F8 (Flyball, 78D, EV 105.0 MPH)
|
Batting: RHB Matt Saunders
|
0-0: Ball 1-0: Ball 2-0: Ball 3-0: Base on Balls
|
Batting: RHB Nick Cummings
|
0-0: Ball 1-0: Called Strike 1-1: Foul Ball, location: 2F 1-2: Ball 2-2: Foul Ball, location: 2F 2-2: Foul Ball, location: 2F 2-2: Foul Ball, location: 2F 2-2: Strikes out looking
|
Batting: LHB Andy Sanchez
|
0-0: Ball 1-0: Ball 2-0: Ball 3-0: Base on Balls Matt Saunders to second
|
Batting: SHB Mike Williams
|
0-0: Ball 1-0: Called Strike 1-1: Called Strike 1-2: Fielders Choice at 2nd, 6-4 (Groundball, 6, EV 101.9 MPH)
|
Top of the 5th over - 0 runs, 0 hits, 0 errors, 2 left on base; Wisconsin 0 - Peoria 1 |
BOTTOM OF THE 5TH |
Peoria Chiefs batting - Pitching for Wisconsin Timber Rattlers : RHP Tony Valdez
|
Batting: RHB Mario Mendoza
|
0-0: Called Strike 0-1: Foul Ball, location: 2F 0-2: Strikes out looking
|
Batting: SHB Bobby O'Leary
|
0-0: Called Strike 0-1: SINGLE (Line Drive, 78M, EV 90.0 MPH)
|
Batting: LHB Billy Guzman
|
0-0: Ball 1-0: Ball 2-0: Foul Ball, location: 2F 2-1: Foul Ball, location: 2F 2-2: Strikes out looking Bobby O'Leary steals 2nd base Batter strikes out.
|
Batting: RHB Immel Kamuzu
|
0-0: Called Strike 0-1: Ball 1-1: Fly out, F8 (Flyball, 8RS, EV 84.4 MPH)
|
Bottom of the 5th over - 0 runs, 1 hit, 0 errors, 1 left on base; Wisconsin 0 - Peoria 1 |
TOP OF THE 6TH |
Wisconsin Timber Rattlers batting - Pitching for Peoria Chiefs : RHP Nick Peters
|
Pitching: RHP Kohsuke Naito
|
|
Batting: RHB Ben Alspach
|
0-0: Ball 1-0: Called Strike 1-1: Foul Ball, location: 2F 1-2: Ball 2-2: Ball 3-2: Base on Balls
|
Batting: SHB Mitchell Greene
|
0-0: Called Strike 0-1: Ball 1-1: Called Strike 1-2: Ground out 5-3 (Groundball, 56, EV 83.1 MPH) Ben Alspach to second
|
Batting: RHB Steve Byerly
|
0-0: Called Strike 0-1: Ball 1-1: Swinging Strike 1-2: Fly out, F8 (Flyball, 8RXD, EV 100.6 MPH) Runner from 2nd tags up, SAFE at 3rd, no throw by CF
|
Batting: SHB Robert Sayer
|
0-0: Ball 1-0: Swinging Strike 1-1: Called Strike 1-2: Foul Ball, location: 2F 1-2: Ball 2-2: Ground out 4-3 (Groundball, 4, EV 103.1 MPH)
|
Top of the 6th over - 0 runs, 0 hits, 0 errors, 1 left on base; Wisconsin 0 - Peoria 1 |
BOTTOM OF THE 6TH |
Peoria Chiefs batting - Pitching for Wisconsin Timber Rattlers : RHP Tony Valdez
|
Batting: RHB Pat Scaturro
|
0-0: Ball 1-0: DOUBLE (Line Drive, 7LM, EV 106.9 MPH)
|
Batting: LHB Robert Rauda
|
0-0: Ball 1-0: Ball 2-0: Called Strike 2-1: Ball 3-1: Base on Balls
|
Batting: RHB Tommy Tracy
|
0-0: Called Strike 0-1: Fielders Choice at 2nd, 6-4 (Groundball, 6, EV 88.1 MPH) Pat Scaturro to third
|
Batting: RHB Brad Payne
|
0-0: Ball 1-0: Fly out, F9 (Flyball, 9LS, EV 78.8 MPH)
|
Batting: SHB Steve Barnett
|
0-0: Ball 1-0: Ground out 5-3 (Groundball, 56, EV 103.8 MPH)
|
Bottom of the 6th over - 0 runs, 1 hit, 0 errors, 2 left on base; Wisconsin 0 - Peoria 1 |
TOP OF THE 7TH |
Wisconsin Timber Rattlers batting - Pitching for Peoria Chiefs : RHP Kohsuke Naito
|
Pitching: RHP Robby Guzman
|
|
Batting: RHB Skyler Goss
|
0-0: Foul Ball, location: 2F 0-1: Ball 1-1: Ground out 6-3 (Groundball, 6, EV 86.9 MPH)
|
Batting: RHB Matt Saunders
|
0-0: Ball 1-0: SINGLE (Groundball, 5D, EV 95.0 MPH)
|
Batting: RHB Nick Cummings
|
0-0: Called Strike 0-1: Foul Ball, location: 2F 0-2: Strikes out swinging
|
Batting: LHB Andy Sanchez
|
0-0: Ball Matt Saunders is caught stealing 2nd base 2-6
|
Top of the 7th over - 0 runs, 1 hit, 0 errors, 0 left on base; Wisconsin 0 - Peoria 1 |
BOTTOM OF THE 7TH |
Peoria Chiefs batting - Pitching for Wisconsin Timber Rattlers : RHP Tony Valdez
|
Pitching: LHP Tom Barone
|
|
Batting: RHB Mario Mendoza
|
0-0: Ball 1-0: SINGLE (Line Drive, 78S, EV 98.1 MPH)
|
Batting: SHB Bobby O'Leary
|
0-0: Ball Mario Mendoza is caught stealing 2nd base 2-4 1-0: Swinging Strike 1-1: SINGLE (Groundball, 34S, EV 73.8 MPH) (infield hit)
|
Batting: LHB Billy Guzman
|
0-0: Ball Bobby O'Leary is caught stealing 2nd base 2-6 1-0: Foul Ball, location: 2F 1-1: Foul Ball, location: 2F 1-2: SINGLE (Line Drive, 56, EV 98.1 MPH)
|
Batting: RHB Immel Kamuzu
|
0-0: Foul Ball, location: 2F 0-1: Called Strike 0-2: Foul Ball, location: 2F 0-2: Ball 1-2: Foul Ball, location: 2F 1-2: Foul Ball, location: 2F 1-2: Fly out, F8 (Flyball, 78D, EV 92.5 MPH)
|
Bottom of the 7th over - 0 runs, 3 hits, 0 errors, 1 left on base; Wisconsin 0 - Peoria 1 |
TOP OF THE 8TH |
Wisconsin Timber Rattlers batting - Pitching for Peoria Chiefs : RHP Robby Guzman
|
Batting: LHB Andy Sanchez
|
0-0: SINGLE (Line Drive, 9S, EV 90.6 MPH)
|
Batting: SHB Mike Williams
|
0-0: Ball 1-0: Called Strike 1-1: Fly out, F4 (Popup, 4MD, EV 69.4 MPH)
|
Batting: RHB Ben Alspach
|
0-0: Foul Ball, location: 2F 0-1: Foul Ball, location: 2F 0-2: Fly out, F8 (Flyball, 8RM, EV 88.8 MPH)
|
Batting: SHB Mitchell Greene
|
0-0: Fly out, F8 (Line Drive, 8RD, EV 90.0 MPH)
|
Top of the 8th over - 0 runs, 1 hit, 0 errors, 1 left on base; Wisconsin 0 - Peoria 1 |
BOTTOM OF THE 8TH |
Peoria Chiefs batting - Pitching for Wisconsin Timber Rattlers : LHP Tom Barone
|
Batting: RHB Pat Scaturro
|
0-0: Ball 1-0: Ball 2-0: Ball 3-0: Called Strike 3-1: SINGLE (Line Drive, 34D, EV 98.8 MPH)
|
Batting: LHB Robert Rauda
|
0-0: Called Strike 0-1: Ball 1-1: Called Strike 1-2: Ball 2-2: Ball 3-2: Fly out, F8 (Flyball, 8RD, EV 91.2 MPH)
|
Batting: RHB Tommy Tracy
|
0-0: Ball 1-0: Called Strike 1-1: Fly out, F4 (Popup, 34D, EV 56.9 MPH)
|
Batting: RHB Brad Payne
|
0-0: Called Strike 0-1: Ball 1-1: Ball 2-1: Ball 3-1: Foul Ball, location: 2F 3-2: Strikes out swinging
|
Bottom of the 8th over - 0 runs, 1 hit, 0 errors, 1 left on base; Wisconsin 0 - Peoria 1 |
TOP OF THE 9TH |
Wisconsin Timber Rattlers batting - Pitching for Peoria Chiefs : RHP Robby Guzman
|
Pitching: RHP Pabiyan Vetlitsky
|
|
Batting: RHB Steve Byerly
|
0-0: Ball 1-0: Ball 2-0: Ball 3-0: Called Strike 3-1: Base on Balls
|
Batting: SHB Robert Sayer
|
0-0: Sac Bunt to 13 - play at first, batter OUT! 1-4 Steve Byerly to second
|
Batting: RHB Skyler Goss
|
0-0: Swinging Strike 0-1: Ball 1-1: Ball 2-1: Ball 3-1: Base on Balls
|
Batting: RHB Matt Saunders
|
0-0: Ball 1-0: Fly out, F8 (Flyball, 8LXD, EV 103.1 MPH) Runner from 2nd tags up, SAFE at 3rd, no throw by CF
|
Batting: RHB Nick Cummings
|
0-0: Called Strike 0-1: Foul Ball, location: 2F 0-2: Ball 1-2: Foul Ball, location: 2F 1-2: Strikes out swinging
|
Top of the 9th over - 0 runs, 0 hits, 0 errors, 2 left on base; Wisconsin 0 - Peoria 1 |
|